 Dungeon Crawl Stone Soup version 0.31-a0-876-gfe8ebadbca (webtiles) character file.

Game seed: 806750375104383642

1841 Bnni the Merchant of Misery (level 8, 0/60 HPs)
             Began as a Demonspawn Necromancer on Oct 13, 2023.
             Was a Believer of Kikubaaqudgha.
             Slain by Joseph
             ... wielding a +1 spectral quarterstaff
              (9 damage)
             ... on level 7 of the Dungeon.
             The game lasted 00:12:30 (6725 turns).

Bnni the Merchant of Misery (DsNe)                  Turns: 6725, Time: 00:12:31

Health: 0/60       AC: 11    Str:  8    XL:     8   Next: 87%
Magic:  14/14      EV: 11    Int: 20    God:    Kikubaaqudgha [**....]
Gold:   352        SH:  4    Dex: 17    Spells: 2/15 levels left

rFire   . . .        g - +2 dagger (venom)
rCold   . . .        (no shield)
rNeg    . . .        y - +5 leather armour "Irosu" {Contam Rampage rElec}
rPois   .            n - +0 helmet
rElec   +            c - +1 cloak
rCorr   +            (no gloves)
SInv    .            (no boots)
Will    .....        w - amulet of the acrobat
Stlth   +++++        z - ring of resist corrosion
HPRegen 0.30/turn    (no ring)
MPRegen 0.14/turn

%: acrobat, rampage
@: no status effects
A: thin skeletal structure 2, powered by pain 1, condensation shield, weakness
stinger 1
a: Renounce Religion, Unearth Wretches


You were on level 7 of the Dungeon.
You worshipped Kikubaaqudgha.
Kikubaaqudgha was pleased with you.
You visited 2 branches of the dungeon, and saw 8 of its levels.

You collected 352 gold pieces.

Inventory:

Hand Weapons
 g - a +2 dagger of venom (weapon)
Missiles
 h - 21 poisoned darts
 k - 4 curare-tipped darts
 q - 3 throwing nets
Armour
 c - a +1 cloak (worn)
 n - a +0 helmet (worn)
 y - the +5 leather armour "Irosu" (worn) {Contam Rampage rElec}
   (You found it on level 4 of the Dungeon)

   rElec:     It insulates you from electricity.
   Contam:    It causes magical contamination when unequipped.
   Rampage:   It bestows one free step when moving towards enemies.
Jewellery
 a - a ring of flight
 w - an amulet of the acrobat (around neck)
 z - a ring of resist corrosion (left hand)
Wands
 e - a wand of polymorph (7)
 t - a wand of flame (23)
 A - a wand of quicksilver (7)
 F - a wand of roots (10)
Scrolls
 d - 2 scrolls of noise {unknown}
 f - 2 scrolls of immolation {unknown}
 l - 4 scrolls of teleportation
 o - a scroll of fog {unknown}
 p - 2 scrolls of identify {unknown}
 r - a scroll of poison {unknown}
 v - 3 scrolls of blinking {unknown}
 x - a scroll of torment {unknown}
 B - a scroll of vulnerability {unknown}
 C - a scroll of enchant weapon {unknown}
 E - a scroll of enchant armour {unknown}
Potions
 b - a potion of magic
 i - a potion of berserk rage {unknown}
 j - 6 potions of curing
 m - a potion of might {unknown}
 s - 2 potions of degeneration {unknown}
 u - 2 potions of mutation {unknown}
 D - a potion of heal wounds
 G - 2 potions of brilliance {unknown}


   Skills:
 + Level 4.0 Fighting
 * Level 4.3 Short Blades
 - Level 1.7 Dodging
 * Level 5.3 Stealth
 + Level 4.2 Spellcasting
 * Level 4.2 Hexes
 + Level 7.0 Necromancy


You had 2 spell levels left.
You knew the following spells:

 Your Spells              Type           Power      Damage    Failure   Level
a - Necrotise             Necr           100%       1d9       1%          1
b - Animate Dead          Necr           32%        N/A       10%         4
c - Vampiric Draining     Necr           32%        2d8       3%          3
r - Cigotuvi's Dreadful   Necr/Pois/Air  26%        N/A       11%         2
t - Confusing Touch       Hex            21%        N/A       10%         3

Your spell library contained the following spells:

 Spells                   Type           Power      Damage    Failure   Level
 Slow                     Hex            84%        N/A       3%          1
 Kiss of Death            Conj/Necr      72%        2d10      4%          1
 Magic Dart               Conj           16%        1d3       19%         1
 Summon Small Mammal      Summ           16%        N/A       19%         1
 Scorch                   Fire           8%         2d5       28%         2
 Searing Ray              Conj           8%         2d4       28%         2
 Sigil of Binding         Hex            21%        N/A       10%         3
 Summon Guardian Golem    Hex/Summ       12%        N/A       22%         3
 Agony                    Necr           32%        N/A       28%         5
 Call Canine Familiar     Summ           4%         N/A       50%         3
 Ignite Poison            Fire/Tmut/Pois 4%         N/A       50%         3
 Fulminant Prism          Conj/Hex       6%         3d7       58%         4
 Flame Wave               Conj/Fire      4%         2d5       88%         4
 Vhi's Electric Charge    Tloc/Air       8%         N/A       88%         4
 Arcjolt                  Conj/Air       2%         1d12      99%         5
 Freezing Cloud           Conj/Ice/Air   2%         6-21      99%         5
 Summon Cactus Giant      Summ           2%         N/A       100%        6
 Maxwell's Capacitive Co  Air            2%         ∞         100%        8


Dungeon Overview and Level Annotations

Branches:
Dungeon (7/15)             Temple (1/1) D:4

Altars:
Ashenzari
Dithmenos
Fedhas
Gozag
Hepliaklqana
Kikubaaqudgha
Makhleb
Nemelex Xobeh
Okawaru
Qazlal
Ru
Trog
Vehumet
Wu Jian
Xom
Yredelemnul

Shops:
D:3 :   D:4 [   D:5 :

Annotations:
D:7 Joseph


Innate Abilities, Weirdness & Mutations

You have a moderately thin skeletal structure. (Dex +4, Stealth++)
You sometimes gain a little power by taking damage.
A meltable shield of frost defends you. (SH +4)
You have a small tail.


Message History

The kobold demonologist hits you with a +0 dagger.
Joseph hits you with a +1 spectral quarterstaff!
You focus on the pain.
You feel your power returning.
Unknown command.
You hit the kobold demonologist but do no damage.
The kobold demonologist appears confused.
The kobold demonologist hits you but does no damage.
The hellwing swoops through the air toward you!
The hellwing hits you. x2; Joseph barely misses you.
Unknown command.
Unknown command.
You strike the helpless kobold demonologist from behind!
You puncture the kobold demonologist! You tail-slap the kobold demonologist.
The kobold demonologist is heavily wounded.
The kobold demonologist closely misses you.
Unknown command.
You hit the kobold demonologist but do no damage.
The kobold demonologist is poisoned.
Your tail-slap misses the kobold demonologist.
Your punch misses the kobold demonologist.
The kobold demonologist is heavily wounded.
The hellwing hits you! The hellwing hits you.
Joseph hits you with a +1 spectral quarterstaff!
* * * LOW HITPOINT WARNING * * *
Your orc warrior zombie closely misses the hellwing.
The kobold demonologist barely misses you.
You barely miss the kobold demonologist.
The kobold demonologist is heavily wounded.
The hellwing misses you. You block the hellwing's attack. Joseph misses you.
Your orc warrior zombie barely misses the hellwing.
Unknown command.
You catch the helpless kobold demonologist completely off-guard!
You impale the kobold demonologist!!
You kill the kobold demonologist!
Kikubaaqudgha accepts your kill.
The hellwing disappears in a puff of smoke!
Joseph says, "It's nothing personal, but I have to kill you."
Joseph hits you with a +1 spectral quarterstaff!
You die...
Kikubaaqudgha rasps: "You have failed me!
Welcome... death!"

#.#
###########.
#Z# #. #Z#
#. #.# ####
#. #.# ...
### #. #.#
..♣.... ..
#.# ..._. #
#Z##).♣..#
#.§@@...#
#########


You could see Joseph and a friendly orc warrior zombie.

Vanquished Creatures
  A kobold demonologist (D:7)
  A steam dragon (D:6)
  A water moccasin (D:7)
  An orc warrior (D:7)
  2 ogres
  3 phantoms
  Blork the orc (D:4)
  A bullfrog (D:7)
  A gnoll sergeant (D:6)
  A scorpion (D:4)
  5 jellies
  5 hounds
  3 orc priests
  4 iguanas
  3 orc wizards
  A sleepcap (D:6)
  4 gnolls
  12 adders
  2 shadow imps
  2 white imps
  A worm (D:2)
  11 orcs
  7 ball pythons
  13 endoplasms
  6 giant cockroaches
  8 goblins
  5 hobgoblins
  3 jackals (D:3)
  4 quokkas
  4 bats
  4 frilled lizards
  7 kobolds
  7 rats
134 creatures vanquished.

Vanquished Creatures (collateral kills)
  A worm (D:2)
1 creature vanquished.

Grand Total: 135 creatures vanquished

Notes
Turn   | Place    | Note
-------+----------+-------------------------------------------
     0 | D:1      | Bnni the Demonspawn Necromancer began the quest for the
                  | Orb.
     0 | D:1      | Reached XP level 1. HP: 13/13 MP: 3/3
   296 | D:1      | Gained mutation: You sometimes gain a little power by
                  | taking damage. [demonic ancestry]
   296 | D:1      | Reached XP level 2. HP: 20/20 MP: 0/5
   648 | D:1      | Reached skill level 1 in Fighting
   905 | D:1      | Reached skill level 5 in Necromancy
  1108 | D:1      | Gained mutation: You have a somewhat thin skeletal
                  | structure. (Dex +2, Stealth+) [demonic ancestry]
  1108 | D:1      | Reached XP level 3. HP: 26/26 MP: 6/6
  1930 | D:2      | Learned a level 3 spell: Vampiric Draining
  1954 | D:3      | Gained mutation: You have a small tail. [demonic ancestry]
  1954 | D:3      | Reached XP level 4. HP: 18/32 MP: 4/7
  2740 | D:3      | Found Teyqiwn's Vocational Training.
  2981 | D:4      | Found Qareifeu's Armour Shop.
  3026 | D:4      | Found a staircase to the Ecumenical Temple.
  3046 | D:4      | Reached skill level 1 in Short Blades
  3046 | D:4      | Gained mutation: You have a moderately thin skeletal
                  | structure. (Dex +4, Stealth++) [demonic ancestry]
  3046 | D:4      | Reached XP level 5. HP: 30/38 MP: 9/9
  3084 | D:4      | Reached skill level 6 in Necromancy
  3084 | D:4      | Reached XP level 6. HP: 30/45 MP: 10/10
  3111 | Temple   | Entered the Ecumenical Temple
  3122 | Temple   | Became a worshipper of Kikubaaqudgha
  3184 | D:4      | Learned a level 3 spell: Confusing Touch
  3346 | D:4      | Noticed Blork the orc
  3353 | D:4      | Killed Blork the orc
  3530 | D:4      | Identified the +5 leather armour "Irosu" {Contam Rampage
                  | rElec}
  3775 | D:5      | Entered Level 5 of the Dungeon
  3870 | D:4      | Reached skill level 1 in Hexes
  3870 | D:4      | Gained mutation: A meltable shield of frost defends you.
                  | (SH +4) [demonic ancestry]
  3870 | D:4      | Reached XP level 7. HP: 21/51 MP: 11/11
  4034 | D:5      | Reached * piety under Kikubaaqudgha
  4034 | D:5      | Received a gift from Kikubaaqudgha
  4609 | D:5      | Found a basalt altar of Yredelemnul.
  4611 | D:5      | Noticed a profane servitor
  4614 | D:5      | Identified the +0 leather armour "Hoat" {Harm Str+2 Int-3}
  4733 | D:5      | Found Vietured's Book Shoppe.
  4950 | D:6      | Found a shadowy altar of Dithmenos.
  4957 | D:6      | Reached XP level 8. HP: 58/58 MP: 10/13
  5646 | D:6      | Reached ** piety under Kikubaaqudgha
  5757 | D:6      | Learned a level 4 spell: Animate Dead
  5878 | D:6      | Learned a level 2 spell: Cigotuvi's Dreadful Rot
  5953 | D:6      | Identified the +2 robe "Guamul" {Str+4 Slay+2}
  6155 | D:7      | Reached skill level 5 in Stealth
  6172 | D:7      | Reached skill level 7 in Necromancy
  6303 | D:7      | Found a sparkling altar of Nemelex Xobeh.
  6384 | D:7      | Found a radiant altar of Vehumet.
  6712 | D:7      | Found a hazy altar of Hepliaklqana.
  6712 | D:7      | Noticed a kobold demonologist
  6713 | D:7      | Noticed Joseph
  6718 | D:7      | Noticed a hellwing
  6725 | D:7      | Killed a kobold demonologist
  6725 | D:7      | Slain by Joseph

Illustrated notes

Levels and vault maps discovered:
D:1:      shiori_arrival_maze, layout_basic, serial_forest,
          infiniplex_forest_lined_corner, infiniplex_forest_lined_3,
          infiniplex_forest_zigzag_1, infiniplex_forest_clump_tiny,
          infiniplex_forest_clump_diagonal, infiniplex_forest_lined_1
D:2:      layout_basic
D:3:      layout_basic, hangedman_feature_mirror, nicolae_shop_vocational
D:4:      layout_loops_ring, minmay_temple_entry_statues, serial_shops,
          nicolae_shop_rolling_square, minmay_quadrilaterals, uniq_blork_the_orc
D:5:      layout_loops_ring, grunt_temple_overflow_holy_war, elyvilon_altar_5,
          serial_shops, nicolae_shop_hallway_stairs, columned_hall_lemuel,
          chequers_avenue, kennysheep_generic_room_15
D:6:      layout_cave_pools, grunt_dithmenos_smoke
D:7:      layout_loops_ring, vehumet_crystals, hangedman_feature_mirror,
          kennysheep_generic_room_3, uniq_joseph
Temple:   nicolae_temple_figure_eight

Skill      XL: |  1  2  3  4  5  6  7  8 |
---------------+-------------------------+-----
Fighting       | 1 2 3 4 |  4.0
Necromancy     | 5 6 7 |  7.0
Stealth        | 2 3 4 5 |  5.3
Short Blades   | 1 2 3 4 |  4.3
Spellcasting   | 3 4 |  4.2
Hexes          | 1 2 4 |  4.2
Dodging        | |  1.7

Action                     |  1- 3 |  4- 6 |  7- 9 || total
---------------------------+-------+-------+-------++-------
  Melee: Dagger            |    65 |   126 |   236 ||   427
         Punch             |     1 |     4 |     6 ||    11
         Tailslap          |       |    17 |    46 ||    63
  Throw: Dart              |       |       |     2 ||     2
         Throwing net      |       |       |     2 ||     2
   Cast: Necrotise         |    32 |     6 |     2 ||    40
         Vampiric Draining |       |     4 |       ||     4
         Confusing Touch   |       |       |     5 ||     5
         Animate Dead      |       |       |     1 ||     1
    Use: Potion            |       |       |     2 ||     2
         Scroll            |       |       |     1 ||     1
   Stab: Sleeping          |     5 |     7 |    14 ||    26
         Distracted        |       |       |     3 ||     3
         Confused          |       |       |     4 ||     4
         Held in net/web   |       |       |     2 ||     2
 Armour: Robe              |    27 |    43 |       ||    70
         Leather armour    |       |    32 |   110 ||   142
  Dodge: Dodged            |    43 |    69 |    84 ||   196
  Block: Other             |       |       |    13 ||    13

Table legend: (Time is in decaauts)
 A = Elapsed time spent in this place.
 B = Non-inter-level travel time spent in this place.
 C = Inter-level travel time spent in this place.
 D = Time resting spent in this place.
 E = Time spent auto-exploring this place.
 F = Levels seen in this place.
 G = Mean time per level.
                   A        B        C        D        E       F      G
               +--------+--------+--------+--------+--------+-----+--------+
         Total |   6682 |   6523 |    159 |    566 |   4832 |   8 |  835.2 |
       Dungeon |   6661 |   6510 |    151 |    566 |   4832 |   7 |  951.6 |
        Temple |     20 |     12 |      8 |      0 |      0 |   1 |   20.0 |
               +--------+--------+--------+--------+--------+-----+--------+

Top non-repeatable levels by time:
     D:5: 1455 daAuts
     D:1: 1219 daAuts
     D:4: 981 daAuts
     D:3: 981 daAuts
     D:6: 727 daAuts
     D:2: 710 daAuts
     D:7: 585 daAuts
  Temple: 20 daAuts
